 Dungeon Crawl Stone Soup version 0.31-a0-202-g547052bce9 (webtiles) character file.

Game seed: 8575044749998705998

170 qw the Skirmisher (level 5, 0/29 HPs)
             Began as a Deep Elf Hunter on June 26, 2023.
             Slain by a goblin
             ... wielding a +0 dagger
             ... led by Robin
              (1 damage)
             ... on level 2 of the Dungeon.
             The game lasted 00:00:35 (1380 turns).

qw the Skirmisher (Deep Elf Hunter)                 Turns: 1380, Time: 00:00:36

Health: 0/29       AC:  7    Str: 10    XL:     5   Next: 25%
Magic:  7/7        EV: 12    Int: 14    God:
Gold:   1255       SH:  0    Dex: 18    Spells: 4/4 levels left

rFire   . . .        Y - +0 shortbow
rCold   . . .        (shield currently unavailable)
rNeg    . . .        c - +0 leather armour
rPois   .            (no helmet)
rElec   .            (no cloak)
rCorr   .            e - +2 pair of gloves
SInv    .            l - +0 pair of boots
Will    .....        (no amulet)
Stlth   ++           (no ring)
HPRegen 0.24/turn    (no ring)
MPRegen 0.10/turn

%: no passive effects
@: no status effects
A: no striking features
a: no special abilities


You were on level 2 of the Dungeon.
You visited 1 branch of the dungeon, and saw 2 of its levels.

You collected 1255 gold pieces.


   Skills:
 - Level 1.5 Fighting
 + Level 8.7 Ranged Weapons
 - Level 2.4 Dodging
 - Level 1.2 Stealth


You had 4 spell levels left.
You didn't know any spells.
Your spell library was empty.

Inventory:

Hand Weapons
 Y - a +0 shortbow (weapon)
Armour
 b - a +0 ring mail
 c - a +0 leather armour (worn)
 e - a +2 pair of gloves (worn)
 l - a +0 pair of boots (worn)
Jewellery
 g - a ring of ice
Scrolls
 a - a scroll of identify
Potions
 d - a potion of enlightenment
 f - a potion of ambrosia {unknown}
 i - a potion of brilliance {unknown}

Dungeon Overview and Level Annotations

Branches:
Dungeon (2/15)

Altars:

Shops:
D:2 (

Annotations:
D:2 Robin


Message History

You shoot an arrow. The arrow hits Robin.
Robin is lightly wounded.
Robin closely misses you. The goblin misses you.
You shoot an arrow.
The arrow hits Robin but does no damage.
Robin is lightly wounded.
Robin hits you with a +6 club. The goblin hits you but does no damage.
You shoot an arrow.
The arrow hits Robin but does no damage.
Robin is lightly wounded.
Robin barely misses you. The goblin hits you with a +0 dagger.
You shoot an arrow.
The arrow hits Robin but does no damage.
Robin is lightly wounded.
The goblin no longer looks unusually strong.
Robin hits you with a +6 club! The goblin barely misses you.
You shoot an arrow.
The arrow hits Robin but does no damage.
Robin is lightly wounded.
Robin hits you with a +6 club. The goblin hits you but does no damage.
You shoot an arrow.
The arrow hits Robin but does no damage.
Robin is lightly wounded.
Robin hits you but does no damage. The goblin hits you but does no damage.
You shoot an arrow. The arrow hits Robin.
Robin is moderately wounded.
Robin flexes a bicep menacingly.
Robin roars a battlecry!
The goblin goes into a battle-frenzy!
The goblin closely misses you.
You shoot an arrow.
The arrow hits Robin but does no damage.
Robin is moderately wounded.
Robin hits you with a +6 club. The goblin hits you but does no damage.
You shoot an arrow. The arrow barely misses Robin.
Robin barely misses you. The goblin completely misses you.
You shoot an arrow. The arrow hits Robin.
Robin is heavily wounded.
Robin hits you but does no damage. The goblin hits you with a +0 dagger.
You die...

#<..##.....#
.......#....#.#####
......#..(...#
.....#####..#
....#....>.#
...#.###### .)#.#
#g#.#########
#@#.........#
#g#########)#
#.#...#####.#
#.....#.....#
###.###.#####
#.....# #######


You could see Robin and a goblin (strong).

Vanquished Creatures
  Jessica (D:2)
  Natasha (thrice) (D:2)
  An adder (D:2)
  A worm (D:2)
  3 dart slugs (D:1)
  4 endoplasms
  3 giant cockroaches
  11 goblins
  5 hobgoblins
  4 kobolds (D:1)
  4 ball pythons
  2 bats
  4 frilled lizards
  4 rats
50 creatures vanquished.

Notes
Turn   | Place    | Note
-------+----------+-------------------------------------------
     0 | D:1      | qw the Deep Elf Hunter began the quest for the Orb.
     0 | D:1      | Reached XP level 1. HP: 12/12 MP: 3/3
     0 | D:1      | 0 ||| qw: Version: 0.3-a-22-g0ed2b0b
     0 | D:1      | 0 ||| qw: Game counter: 6336
     0 | D:1      | 0 ||| qw: Melee chars always use a shield: true
     0 | D:1      | 0 ||| qw: God list: Okawaru
     0 | D:1      | 0 ||| qw: Allow faded altars: false
     0 | D:1      | 0 ||| qw: Do Orc after clearing Dungeon:15 true
     0 | D:1      | 0 ||| qw: Do second Lair branch before Depths: true
     0 | D:1      | 0 ||| qw: Lair rune preference: random
     0 | D:1      | 0 ||| qw: Goals: Normal
     0 | D:1      | 0 ||| PLANNING D:1-11
   122 | D:1      | Reached XP level 2. HP: 16/16 MP: 4/4
   264 | D:1      | Reached skill level 6 in Ranged Weapons
   409 | D:1      | 409 ||| FLEEEEING.
   896 | D:1      | Reached XP level 3. HP: 20/20 MP: 5/5
   900 | D:1      | 900 ||| UPGRADING to +2 pair of gloves.
   905 | D:1      | 905 ||| UPGRADING to +0 pair of boots.
   910 | D:1      | 910 ||| READING scroll labelled WOICOTOUPH.
   911 | D:1      | 911 ||| READING scroll labelled MEDEEL WILYFOIGIE.
   911 | D:1      | Identified a scroll of acquirement
   911 | D:1      | 911 ||| ACQUIRING 1150 gold pieces
   911 | D:1      | Acquired 1150 gold pieces
   913 | D:1      | 913 ||| READING scroll labelled QENESU MEMAUM.
   917 | D:1      | 917 ||| READING scroll labelled PYUSCH FACU.
   918 | D:1      | 918 ||| READING scroll labelled AXZYFA ZERASK.
   919 | D:1      | 919 ||| DRINKING 2 brown potions.
   920 | D:1      | 920 ||| DROPPING scroll of butterflies.
  1021 | D:2      | Reached skill level 7 in Ranged Weapons
  1040 | D:2      | Noticed Jessica
  1044 | D:2      | Killed Jessica
  1045 | D:2      | Reached XP level 4. HP: 25/25 MP: 6/6
  1070 | D:2      | Noticed Natasha
  1072 | D:2      | 1072 ||| FLEEEEING.
  1073 | D:2      | 1073 ||| FLEEEEING.
  1074 | D:2      | 1074 ||| FLEEEEING.
  1075 | D:2      | 1075 ||| FLEEEEING.
  1082 | D:2      | Killed Natasha
  1127 | D:2      | Noticed Natasha
  1133 | D:2      | Killed Natasha
  1134 | D:2      | Reached skill level 8 in Ranged Weapons
  1194 | D:2      | Noticed Natasha
  1210 | D:2      | Killed Natasha
  1211 | D:2      | Reached XP level 5. HP: 25/29 MP: 7/7
  1238 | D:2      | Found Naafunili's Antique Weapon Shop.
  1353 | D:2      | Noticed Robin
  1374 | D:2      | HP: 7/29 [Robin/+6 club (8)]
  1375 | D:2      | HP: 1/29 [Robin/+6 club (6)]
  1380 | D:2      | Slain by a goblin

Levels and vault maps discovered:
D:1:      giann_wishing_wells, layout_loops_corners
D:2:      layout_basic, serial_shops, shop, uniq_jessica, uniq_robin,
          uniq_natasha

Skill      XL: |  1  2  3  4 |
---------------+-------------+-----
Ranged Weapons | 6 7 8 |  8.7
Fighting       | |  1.5
Dodging        | |  2.4
Stealth        | |  1.2

Action                     |  1- 3 |  4- 6 || total
---------------------------+-------+-------++-------
   Fire: Shortbow          |    72 |    71 ||   143
    Use: Scroll            |     5 |       ||     5
         Potion            |     1 |       ||     1
 Armour: Leather armour    |     7 |    22 ||    29
  Dodge: Dodged            |    15 |    22 ||    37

Table legend:
 A = Non-vault XP
 B = Vault XP
 C = Vault XP percentage of total XP
 D = Non-vault monster count
 E = Vault monster count
 F = Vault count percentage of total count
                 A         B        C        D         E       F
            +---------+---------+-------+---------+---------+-------
      Total |     154 |      89 |  36.6 |      39 |      11 |  22.0
            +---------+---------+-------+---------+---------+-------
        D:1 |      45 |       0 |   0.0 |      25 |       0 |   0.0
        D:2 |     109 |      89 |  44.9 |      14 |      11 |  44.0
            +---------+---------+-------+---------+---------+-------
